 Dungeon Crawl Stone Soup version 0.30-a0-1114-gd936c97349 (webtiles) character file.

Game seed: 4727576764914082371

2636 billz999 the Covert (level 9, -5/57 HPs)
             Began as a Vampire Earth Elementalist on Apr 20, 2023.
             Was an Initiate of Vehumet.
             Slain by a death yak (26 damage)
             ... on level 9 of the Dungeon.
             The game lasted 00:16:30 (6658 turns).

billz999 the Covert (Vampire Earth Elementalist)    Turns: 6658, Time: 00:16:31

Health: -5/57      AC:  5    Str: 19    XL:     9   Next: 35%
Magic:  0/15       EV: 12    Int: 21    God:    Vehumet [......]
Gold:   264        SH:  5    Dex: 15    Spells: 7/17 levels left

rFire   . . .      SeeInvis +    y - +0 dagger of Saostuh {heavy, Stlth+}
rCold   . . .      Faith    .    p - +0 buckler
rNeg    . . .      Spirit   .    r - +2 robe {Will+}
rPois   .          Reflect  .    (no helmet)
rElec   .          Rampage  .    (no cloak)
rCorr   .                        h - +0 pair of gloves
Will    +....                    (no boots)
Stlth   +++++                    (no amulet)
HPRegen 0.49/turn                E - +6 ring of strength
MPRegen 0.14/turn                F - +6 ring of strength

@: healing quickly
A: alive, fangs 3, see invisible, vampiric 2
a: Exsanguinate, Renounce Religion


You were on level 9 of the Dungeon.
You worshipped Vehumet.
Vehumet was noncommittal.
You visited 1 branch of the dungeon, and saw 7 of its levels.
You also visited: Bailey.

You collected 264 gold pieces.

Inventory:

Hand Weapons
 o - a +0 dagger
 y - the +0 dagger of Saostuh (weapon) {heavy, Stlth+}
   (You found it on level 4 of the Dungeon)

   Stlth:     It makes you more stealthy.
Armour
 a - a +0 robe
 h - a +0 pair of gloves (worn)
 p - a +0 buckler (worn)
 r - a +2 robe of willpower (worn)
Magical Staves
 J - a staff of death
Jewellery
 k - a ring of protection from fire
 E - a +6 ring of strength (left hand)
 F - a +6 ring of strength (right hand)
 I - a +5 ring of evasion
 K - an amulet of magic regeneration
Wands
 D - a wand of flame (15)
 G - a wand of paralysis (2)
Scrolls
 c - a scroll of magic mapping
 d - 2 scrolls of amnesia
 f - a scroll of silence {unknown}
 i - 3 scrolls of immolation {unknown}
 j - 2 scrolls of fog
 m - 4 scrolls of identify
 s - 2 scrolls of poison {unknown}
 t - a scroll of blinking {unknown}
 v - 2 scrolls of fear {unknown}
 A - a scroll of torment {unknown}
 B - a scroll of brand weapon {unknown}
 H - 3 scrolls of teleportation {unknown}
Potions
 b - 2 potions of magic
 e - a potion of might {unknown}
 g - a potion of invisibility {unknown}
 l - a potion of cancellation {unknown}
 n - 3 potions of heal wounds {unknown}
 q - 3 potions of curing {unknown}
 u - a potion of attraction {unknown}
 w - a potion of resistance {unknown}
 x - a potion of brilliance {unknown}
 z - a potion of ambrosia {unknown}
 C - a potion of haste {unknown}


   Skills:
 - Level 4.1 Short Blades
 - Level 2.1 Dodging
 - Level 8.6 Stealth
 - Level 4.0 Shields
 - Level 4.5 Spellcasting
 - Level 1.2 Conjurations
 - Level 4.0 Hexes
 + Level 5.9 Transmutations
 + Level 6.7 Earth Magic


You had 7 spell levels left.
You knew the following spells:

 Your Spells              Type           Power      Damage    Failure   Level
a - Sandblast             Erth           66%        2d15      1%          1
b - Stone Arrow           Conj/Erth      42%        3d9       9%          3
c - Ensorcelled Hibernat  Hex/Ice        26%        N/A       10%         2
d - Petrify               Tmut/Erth      31%        N/A       11%         4

Your spell library contained the following spells:

 Spells                   Type           Power      Damage    Failure   Level
 Passwall                 Tmut/Erth      25%        N/A       1%          2
 Confusing Touch          Hex            21%        N/A       9%          3
 Kiss of Death            Conj/Necr      28%        2d7       11%         1
 Spider Form              Tmut/Pois      17%        N/A       13%         3
 Summon Small Mammal      Summ           16%        N/A       14%         1
 Summon Guardian Golem    Hex/Summ       13%        N/A       19%         3
 Call Canine Familiar     Summ           4%         N/A       41%         3
 Vhi's Electric Charge    Tloc/Air       8%         N/A       41%         3
 Anguish                  Hex/Necr       6%         N/A       54%         4
 Dispel Undead            Necr           4%         3d7       82%         4
 Arcjolt                  Conj/Air       3%         1d13      97%         5
 Maxwell's Capacitive Co  Air            2%         ∞         100%        8


Dungeon Overview and Level Annotations

Branches:
Dungeon (9/15)               Lair (0/5) D:9          Bailey (visited)
 Temple: D:4-7          Orc: D:9-12

Altars:
Fedhas
Vehumet
Wu Jian

Shops:
D:7 =


Innate Abilities, Weirdness & Mutations

Your natural rate of healing is accelerated.
You have razor-sharp teeth.
You have supernaturally acute eyesight. (SInv)
You are afflicted with vampirism and can become a bat while bloodless.


Message History

Confirm with . or Enter, or press ? or * to list all spells.
Aiming: Ensorcelled Hibernation (safe; 10% risk of failure)
Press: ? - help, Shift-Dir - straight line, f - death yak
Aim: a death yak (chance to affect: 1%)
The death yak resists with almost no effort.
The death yak closely misses you.
Casting: Ensorcelled Hibernation (safe; 10% risk of failure)
Confirm with . or Enter, or press ? or * to list all spells.
Aiming: Ensorcelled Hibernation (safe; 10% risk of failure)
Press: ? - help, Shift-Dir - straight line, f/p - death yak
Aim: a death yak (chance to affect: 1%)
You miscast Ensorcelled Hibernation.
You are very lightly contaminated with residual magic.
Nothing appears to happen.
The death yak gores you!
Unknown command.
Casting: Ensorcelled Hibernation (safe; 10% risk of failure)
Confirm with . or Enter, or press ? or * to list all spells.
Aiming: Ensorcelled Hibernation (safe; 10% risk of failure)
Press: ? - help, Shift-Dir - straight line, f/p - death yak
Aim: a death yak (chance to affect: 1%)
The death yak resists with almost no effort.
The death yak gores you! The death yak attacks as you move away!
The death yak gores you. The death yak attacks as you move away!
The death yak barely misses you.
Your magical contamination has completely faded away.
There is an open door here.
Casting: Ensorcelled Hibernation (safe; 10% risk of failure)
Confirm with . or Enter, or press ? or * to list all spells.
Aiming: Ensorcelled Hibernation (safe; 10% risk of failure)
Press: ? - help, Shift-Dir - straight line, f/p - death yak
Aim: a death yak (chance to affect: 1%)
The death yak resists with almost no effort.
The death yak gores you! The death yak attacks as you move away!
The death yak closely misses you.
Aiming: Paralyse
Press: ? - help, Shift-Dir - straight line, f/p - death yak
Aim: a death yak (chance to affect: 1%)
The death yak resists with almost no effort.
The death yak gores you!!
You die...

##..................
#...####..PPPP.._..P
#...................
#....[..############
##......#
####......############
#..'(.....'...........
###.##Y.....############
###...##.@....#
####...####......#
##.†..### #......#######
#..#### #####........#
#.##############........#
#>.........=..##........#
#.###########.##........#
#Y# #..#...~....# #.#
##.+........#


You could see a death yak.

Vanquished Creatures
  A two-headed ogre (D:9)
  A cyclops (D:8)
  A troll (D:9)
  A yak (D:9)
  A steam dragon (D:7)
  A sky beast (D:7)
  A black bear (D:4)
  An orc warrior (D:9)
  An ogre (D:4)
  A kobold brigand (D:7)
  A bullfrog (D:9)
  2 scorpions
  4 howler monkeys (D:9)
  2 orc priests
  A sleepcap (D:8)
  5 orc wizards
  A hell rat (D:9)
  3 gnolls (D:4)
  2 adders
  A shadow imp (D:7)
  2 white imps (D:7)
  4 dart slugs
  27 orcs
  3 endoplasms
  6 giant cockroaches
  2 hobgoblins
  2 jackals (D:1)
  3 quokkas
  3 ball pythons
  3 bats
  5 frilled lizards
  6 goblins
  13 kobolds
  6 orc zombies (Bailey)
  6 rats
123 creatures vanquished.

Notes
Turn   | Place    | Note
-------+----------+-------------------------------------------
     0 | D:1      | billz999 the Vampire Earth Elementalist began the quest for
                  | the Orb.
     0 | D:1      | Reached XP level 1. HP: 13/13 MP: 3/3
   340 | D:1      | Reached skill level 4 in Stealth
   350 | D:1      | Reached XP level 2. HP: 19/19 MP: 1/5
   716 | D:1      | Reached skill level 5 in Stealth
  1379 | D:2      | Reached skill level 1 in Shields
  1379 | D:2      | Gained mutation: You are afflicted with vampirism and can
                  | become a bat while bloodless. [Vampire growth]
  1379 | D:2      | Reached XP level 3. HP: 16/24 MP: 2/6
  2305 | D:3      | Reached XP level 4. HP: 30/30 MP: 3/7
  2828 | D:4      | Noticed an ogre
  2831 | D:4      | Noticed a black bear
  2835 | D:4      | Killed an ogre
  2836 | D:4      | Reached XP level 5. HP: 26/35 MP: 5/8
  2872 | D:4      | Killed a black bear
  2878 | D:4      | Learned a level 3 spell: Stone Arrow
  3017 | D:4      | Noticed a black bear
  3033 | D:4      | Reached skill level 6 in Stealth
  3033 | D:4      | Reached XP level 6. HP: 37/41 MP: 5/9
  3251 | D:4      | Reached skill level 1 in Conjurations
  3407 | D:4      | Learned a level 2 spell: Ensorcelled Hibernation
  3440 | D:4      | Reached skill level 1 in Short Blades
  3440 | D:4      | Reached skill level 1 in Hexes
  3472 | D:4      | Identified the +0 dagger of Saostuh {heavy, Stlth+}
  3634 | D:4      | You fall into a shaft and drop 3 floors!
  3787 | D:7      | Found Nirapsit's Jewellery Shoppe.
  3861 | D:7      | Found a blossoming altar of Fedhas.
  4080 | D:7      | Reached XP level 7. HP: 46/46 MP: 7/10
  4126 | D:7      | Reached skill level 7 in Stealth
  4219 | D:7      | Noticed a steam dragon
  4227 | D:7      | Killed a steam dragon
  4514 | D:7      | Reached skill level 8 in Stealth
  5069 | D:8      | Found a flagged portal.
  5078 | Bailey   | Entered a bailey
  5218 | D:8      | Noticed a cyclops
  5229 | D:8      | Killed a cyclops
  5230 | D:8      | Reached XP level 8. HP: 52/52 MP: 5/14
  5235 | D:8      | Learned a level 4 spell: Petrify
  5706 | D:8      | Found a radiant altar of Vehumet.
  5734 | D:8      | Became a worshipper of Vehumet
  5939 | D:9      | Found an ornate altar of the Wu Jian Council.
  5964 | D:9      | Noticed a troll
  5978 | D:9      | Killed a troll
  5999 | D:9      | Reached skill level 5 in Earth Magic
  6192 | D:9      | Noticed a two-headed ogre
  6198 | D:9      | Noticed a death yak
  6291 | D:9      | Noticed a death yak
  6293 | D:9      | Noticed a death yak
  6528 | D:9      | Found a staircase to the Lair.
  6596 | D:9      | Killed a two-headed ogre
  6597 | D:9      | Reached skill level 5 in Transmutations
  6597 | D:9      | Reached XP level 9. HP: 32/57 MP: 3/15
  6658 | D:9      | Slain by a death yak

Illustrated notes

Levels and vault maps discovered:
D:1:      lightli_molten_gateway, layout_basic
D:2:      layout_basic
D:3:      layout_basic, minivault_27
D:4:      layout_basic, lemuel_round_altar
D:7:      layout_basic, fedhas_ov_isle_minmay, serial_shops,
          nicolae_shop_rolling_square
D:8:      layout_rooms, chequers_temple_overflow_statue_of_worship,
          enter_bailey_2, roderic_serpentine_path
D:9:      layout_basic, mainiacjoe_overflow_boulevard, dpeg_lair_monsters,
          serial_shops, nicolae_shop_tiny_real_fake_doors

Skill      XL: |  1  2  3  4  5  6  7  8 |
---------------+-------------------------+-----
Stealth        | 4 5 6 8 |  8.6
Shields        | 1 2 3 4 |  4.0
Conjurations   | 1 |  1.2
Short Blades   | 1 4 |  4.1
Hexes          | 2 4 |  4.0
Spellcasting   | 4 |  4.5
Earth Magic    | 6 |  6.7
Transmutations | 5 |  5.9
Dodging        | |  2.1

Action                     |  1- 3 |  4- 6 |  7- 9 || total
---------------------------+-------+-------+-------++-------
  Melee: Unarmed           |    16 |       |       ||    16
         Bite              |     3 |     3 |     3 ||     9
         Dagger            |     7 |    28 |    81 ||   116
   Cast: Sandblast         |    53 |    64 |    45 ||   162
         Ensorcelled Hiber |       |     2 |    30 ||    32
  Evoke: Wand              |       |       |     5 ||     5
    Use: Scroll            |     3 |       |       ||     3
   Stab: Sleeping          |     3 |     4 |    23 ||    30
         Paralysed         |       |       |     1 ||     1
 Armour: Robe              |    12 |    21 |    20 ||    53
  Dodge: Dodged            |    38 |    44 |    69 ||   151
  Block: Buckler           |       |     8 |    35 ||    43

Table legend: (Time is in decaauts)
 A = Elapsed time spent in this place.
 B = Non-inter-level travel time spent in this place.
 C = Inter-level travel time spent in this place.
 D = Time resting spent in this place.
 E = Time spent auto-exploring this place.
 F = Levels seen in this place.
 G = Mean time per level.
                   A        B        C        D        E       F      G
               +--------+--------+--------+--------+--------+-----+--------+
         Total |   6764 |   6455 |    309 |    676 |   4531 |   8 |  845.5 |
       Dungeon |   6706 |   6397 |    309 |    676 |   4531 |   7 |  958.0 |
        Bailey |     58 |     58 |      0 |      0 |      0 |   1 |   58.0 |
               +--------+--------+--------+--------+--------+-----+--------+

Top non-repeatable levels by time:
     D:7: 1448 daAuts
     D:1: 1086 daAuts
     D:2: 1010 daAuts
     D:9: 827 daAuts
     D:3: 821 daAuts
     D:4: 764 daAuts
     D:8: 747 daAuts
  Bailey: 58 daAuts
